[Event "Titled Tuesday Blitz July 20 2021"]
[White "Petriashvili, Nikoloz"]
[Black "Ambartsumova, Karina"]
[WhiteFideId "13611216"]
[BlackFideId "4166299"]
[WhiteElo "2430"]
[BlackElo "2262"]
[Result "1-0"]
[Round "04"]
[TimeControl "180+1"]
[Date "2021.07.21"]
[WhiteClock "0:00:26"]
[BlackClock "0:00:18"]

1. e4 c5 2. Nf3 e6 3. d4 cxd4 4. Nxd4 a6 5. c4 Nf6 6. Nc3 Bb4 7. Qd3 Nc6 8. Be2 Qc7 9. O-O O-O 10. Nxc6 dxc6 11. Bg5 Be7 12. Rad1 e5 13. Qg3 Be6 14. Bh6 Ne8 15. Bg4 Bxg4 16. Qxg4 Rd8 17. Rxd8 Bxd8 18. Rd1 Kh8 19. Be3 Nf6 20. Qe2 Be7 21. a3 Rd8 22. f3 Kg8 23. Kf2 h6 24. b4 Rxd1 25. Qxd1 Qd7 26. Qxd7 Nxd7 27. Ke2 a5 28. c5 axb4 29. axb4 f6 30. Kd3 Kf7 31. Kc4 Ke6 32. b5 Nb8 33. b6 Nd7 34. Nb1 h5 35. Nd2 g6 36. Nb3 f5 37. Na5 fxe4 38. fxe4 Nf6 39. Kd3 Nd7 40. Nxb7 Kf7 41. h3 Ke6 42. Kc4 Nf6 43. Na5 Kd7 44. Kd3 Bd8 45. Nc4 Ke6 46. Nd6 Nd7 47. Nc8 Nb8 48. Na7 Kd7 49. Kc4 Be7 50. g4 hxg4 51. hxg4 Bf6 52. Bd2 Bg7 53. Bc3 Bf6 54. Kb4 Na6+ 55. Kc4 Nb8 56. Ba5 Bd8 57. Kb4 Na6+ 58. Kc4 Nb8 59. Be1 Bf6 60. Bg3 Bg7 61. Bf2 Bf6 62. Kb4 Na6+ 63. Ka5 Nb8 64. Be3 Bd8 65. Ka4 Be7 66. Kb4 Bd8 67. Kc4 Bf6 68. Bc1 Bg7 69. Ba3 Bf6 70. Bb4 Bg7 71. Ba5 Bf6 72. b7 Bd8 73. Bb6 Bf6 74. Nc8 Bg7 75. Nd6 Bf8 76. Ba7 Kc7 77. Bxb8+ Kxb8 78. Kb4 Be7 79. Ka5 Bxd6 80. cxd6 Kxb7 81. g5 c5 82. Kb5 c4 83. Kxc4 Kc6 84. d7 Kxd7 85. Kd5 Ke8 86. Kxe5 Ke7 87. Kd5 Kd7 88. Kc5 Ke6 89. Kd4 Kd6 90. e5+ Ke6 91. Ke4 Ke7 92. Kd5 Kd7 93. e6+ Ke7 94. Ke5 Ke8 95. Kf6 Kf8 96. Kxg6 Ke7 97. Kf5 Kf8 98. g6 Ke7 99. g7 Ke8 100. g8=Q+ Ke7 1-0


[Site "https://www.chess.com"]

[Event "Titled Tuesday Blitz July 20 2021"]
[White "Pourkashiyan, Atousa"]
[Black "Kamsky, Gata"]
[WhiteFideId "12502014"]
[BlackFideId "2000024"]
[WhiteElo "2285"]
[BlackElo "2644"]
[Result "0-1"]
[Round "04"]
[TimeControl "180+1"]
[Date "2021.07.21"]
[WhiteClock "0:00:06"]
[BlackClock "0:00:33"]

1. e4 e5 2. Nf3 Nc6 3. Bb5 a6 4. Ba4 Nf6 5. O-O Be7 6. Re1 b5 7. Bb3 O-O 8. a4 Bb7 9. d3 d5 10. exd5 Nxd5 11. Nc3 Nxc3 12. bxc3 Bd6 13. Bg5 Qd7 14. Bh4 Kh8 15. Ng5 Be7 16. Qh5 Bxg5 17. Bxg5 f6 18. Be3 Na5 19. Ba2 Bd5 20. d4 Bxa2 21. Rxa2 Nc4 22. dxe5 Nxe5 23. h3 Nc4 24. Bd4 Rae8 25. Rxe8 Rxe8 26. axb5 axb5 27. Ra1 Kg8 28. Rb1 c6 29. Ra1 Qf7 30. Qf3 Qe6 31. g3 Qe4 32. Qxe4 Rxe4 33. Ra8+ Kf7 34. Rc8 Re6 35. Rc7+ Kg6 36. f4 h5 37. g4 hxg4 38. hxg4 Re4 39. g5 Rxf4 40. gxf6 gxf6 41. Rxc6 Rf5 42. Kg2 Kg5 43. Kg3 Kg6 44. Rc8 Rd5 45. Rg8+ Kf7 46. Ra8 Nd6 47. Ra6 Nf5+ 48. Kf3 Nxd4+ 49. cxd4 Rxd4 50. Rb6 b4 51. Ke3 Rh4 52. Kd3 Kg6 53. Rb5 f5 54. Rb8 Kg5 55. Rb7 Re4 56. Rg7+ Kf4 57. Rg1 Re3+ 58. Kd4 Rc3 59. Rf1+ Kg5 60. Rg1+ Kh4 61. Rf1 Kg4 62. Rg1+ Rg3 63. Rb1 Rf3 64. Ke5 Re3+ 65. Kf6 f4 66. Rxb4 Kg3 67. c4 f3 68. c5 Rc3 69. Rb5 f2 0-1


[Site "https://www.chess.com"]

[Event "Titled Tuesday Blitz July 20 2021"]
[White "Primbetov, Kazbek"]
[Black "Gelman, Alexander"]
[WhiteFideId "13702297"]
[BlackFideId "4118316"]
[WhiteElo "2184"]
[BlackElo "2375"]
[Result "0-1"]
[Round "04"]
[TimeControl "180+1"]
[Date "2021.07.21"]
[WhiteClock "0:00:01"]
[BlackClock "0:00:21"]

1. f4 c5 2. Nf3 b6 3. b3 Bb7 4. Bb2 e6 5. e3 Nf6 6. Be2 g6 7. O-O Bg7 8. c4 O-O 9. Nc3 d6 10. d4 cxd4 11. exd4 Nbd7 12. Bd3 a6 13. Qe2 Qc7 14. Rae1 Rfe8 15. Bb1 Nh5 16. Qd2 b5 17. cxb5 axb5 18. Nxb5 Qb6 19. a4 Bd5 20. Bc2 Rec8 21. Ba3 Bf8 22. Ng5 Rc6 23. Ne4 Nhf6 24. Nec3 Rac8 25. Bd1 Bg7 26. Nxd5 Nxd5 27. Rf3 Nc7 28. Be2 Nxb5 29. Bxb5 Rc2 30. Qb4 Bxd4+ 31. Kh1 Bc5 32. Qe4 Bxa3 33. Bxd7 Rf8 34. Bb5 Bc5 35. Qxc2 Qa5 36. Qe2 Qb4 37. Rd3 d5 38. h3 Qxf4 39. Rf1 Qc7 40. Qf3 Ba7 41. b4 Bb8 0-1


[Site "https://www.chess.com"]

[Event "Titled Tuesday Blitz July 20 2021"]
[White "Quintiliano Pinto, Renato R."]
[Black "Pichot, Alan"]
[WhiteFideId "2117568"]
[BlackFideId "110973"]
[WhiteElo "2439"]
[BlackElo "2622"]
[Result "0-1"]
[Round "04"]
[TimeControl "180+1"]
[Date "2021.07.20"]
[WhiteClock "0:00:11"]
[BlackClock "0:01:02"]

1. d4 Nf6 2. c4 e6 3. Nf3 d5 4. Nc3 dxc4 5. e3 a6 6. Bxc4 b5 7. Bb3 Bb7 8. O-O Nbd7 9. e4 c5 10. e5 c4 11. Bc2 Nd5 12. Bg5 Qb6 13. a4 Bb4 14. Ne4 h6 15. Bd2 Be7 16. Qe2 Rc8 17. axb5 axb5 18. Ng3 b4 19. Nh5 Kf8 20. Ba4 Qd8 21. Nf4 Nxf4 22. Bxf4 Nb6 23. Bb5 Qd5 24. Ba6 g5 25. Be3 Kg7 26. Bxb7 Qxb7 27. Nd2 c3 28. bxc3 bxc3 29. Nb3 Qe4 30. f3 Qf5 31. f4 g4 32. Kh1 Nd5 33. Bg1 h5 34. Ra7 c2 35. Nc5 h4 36. Rc1 h3 37. Qxc2 hxg2+ 38. Qxg2 Nxf4 39. Qc2 g3 40. Qxf5 g2# 0-1


[Site "https://www.chess.com"]

[Event "Titled Tuesday Blitz July 20 2021"]
[White "Rahman, Ziaur"]
[Black "Luo, Terry"]
[WhiteFideId "10200037"]
[BlackFideId "30931045"]
[WhiteElo "2460"]
[BlackElo "2024"]
[Result "1-0"]
[Round "04"]
[TimeControl "180+1"]
[Date "2021.07.21"]
[WhiteClock "0:00:42"]
[BlackClock "0:00:58"]

1. d4 Nf6 2. Bg5 d5 3. Nd2 c6 4. e3 e6 5. Bd3 Be7 6. f4 Nbd7 7. Ngf3 b6 8. O-O a5 9. Qe2 h6 10. Bxf6 Nxf6 11. Ne5 Qc7 12. Nxc6 O-O 13. Ne5 Bb7 14. Qf3 Ne4 15. Nxe4 dxe4 16. Bxe4 Bxe4 17. Qxe4 Bf6 18. c3 Bxe5 19. fxe5 b5 20. a3 Rab8 21. Rac1 Qc4 22. Rc2 Qb3 23. h4 b4 24. axb4 axb4 25. c4 Ra8 26. c5 Ra2 27. Rff2 Ra1+ 28. Kh2 Re1 29. Rfe2 Rf1 30. c6 Qa4 31. c7 Qa6 32. Qc6 Qd3 33. c8=Q Rxc8 34. Qxc8+ Kh7 35. Qb7 Qg6 36. Rf2 Re1 37. Qf3 1-0


[Site "https://www.chess.com"]

[Event "Titled Tuesday Blitz July 20 2021"]
[White "Rottenwohrer Suarez, Juan"]
[Black "Pinheiro, Iung Alicio de O."]
[WhiteFideId "32068182"]
[BlackFideId "2104350"]
[WhiteElo "2158"]
[BlackElo "2597"]
[Result "0-1"]
[Round "04"]
[TimeControl "180+1"]
[Date "2021.07.21"]
[WhiteClock "0:00:02"]
[BlackClock "0:00:31"]

1. d4 Nf6 2. c4 g6 3. Nf3 Bg7 4. g3 O-O 5. Bg2 d6 6. O-O Bf5 7. Ne1 Be4 8. f3 Bxb1 9. Rxb1 c5 10. dxc5 dxc5 11. Qxd8 Rxd8 12. Nd3 Na6 13. f4 Rd7 14. Ne5 Rc7 15. Rd1 h5 16. Be3 Rb8 17. a3 Ng4 18. Nxg4 hxg4 19. h3 gxh3 20. Bxh3 e6 21. Bg2 b6 22. b3 Rbc8 23. Rd6 Nb8 24. Rbd1 Bf8 25. Rd8 Kg7 26. g4 Be7 27. R8d3 Bf6 28. f5 exf5 29. gxf5 g5 30. Kf2 Nc6 31. Bxc6 Rxc6 32. Rd7 R6c7 33. Kg3 Rxd7 34. Rxd7 Re8 35. Kf2 g4 36. Bf4 Bh4+ 37. Kf1 Re4 38. e3 a5 39. Rd6 a4 40. bxa4 Bf6 41. Bh6+ Kxh6 42. Rxf6+ Kg5 43. Rxb6 Rxc4 44. a5 Ra4 45. a6 Rxa3 46. f6 c4 47. Ke2 Ra2+ 48. Kd1 g3 49. Rc6 g2 50. Rc5+ Kg6 0-1


[Site "https://www.chess.com"]

[Event "Titled Tuesday Blitz July 20 2021"]
[White "Rustemov, Alexander"]
[Black "Yuan, Qingyu"]
[WhiteFideId "4119002"]
[BlackFideId "8609772"]
[WhiteElo "2851"]
[BlackElo "2359"]
[Result "1-0"]
[Round "04"]
[TimeControl "180+1"]
[Date "2021.07.20"]
[WhiteClock "0:00:48"]
[BlackClock "0:00:11"]

1. d4 Nf6 2. c4 g6 3. Nf3 Bg7 4. g3 c6 5. b3 d5 6. Bb2 O-O 7. Bg2 a5 8. Nc3 Bf5 9. O-O Ne4 10. e3 Nd7 11. Rc1 Nxc3 12. Bxc3 Be4 13. Qe2 a4 14. Rfd1 axb3 15. axb3 Qb6 16. Qb2 Ra6 17. Nd2 Bxg2 18. Kxg2 Rfa8 19. Ra1 e6 20. Rxa6 Rxa6 21. Ra1 h5 22. Rxa6 Qxa6 23. Qa1 Qxa1 24. Bxa1 Kf8 25. Kf1 Ke7 26. Ke2 Kd6 27. Kd3 Ke7 28. Bc3 Ke8 29. Bb4 Kd8 30. Bd6 Nf6 31. f3 Ne8 32. Bb4 Kd7 33. h3 Nc7 34. g4 hxg4 35. fxg4 Bf6 36. e4 Na6 37. Ba3 Nc7 38. Nf3 Ne8 39. e5 Bd8 40. h4 Be7 41. Bxe7 Kxe7 42. Kc3 f6 43. exf6+ Kxf6 44. Ne5 Nd6 45. Kb4 Ne4 46. Nd7+ Ke7 47. Nc5 e5 48. dxe5 Nxc5 49. Kxc5 Ke6 50. cxd5+ cxd5 51. Kd4 b6 52. b4 b5 53. h5 gxh5 54. gxh5 Kf5 55. Kxd5 Kg5 56. e6 Kf6 57. h6 Kg6 58. e7 Kxh6 59. e8=Q Kg7 60. Qxb5 Kf6 61. Qe2 Kf7 62. b5 Kg7 63. b6 Kh8 64. b7 Kg7 65. b8=Q Kg6 66. Qg3+ Kf7 67. Qgf3+ Kg7 68. Qeg2+ Kh6 69. Qfh3# 1-0


[Site "https://www.chess.com"]

[Event "Titled Tuesday Blitz July 20 2021"]
[White "Samsonkin, Artiom"]
[Black "Sjugirov, Sanan"]
[WhiteFideId "13503111"]
[BlackFideId "4189302"]
[WhiteElo "2513"]
[BlackElo "2472"]
[Result "0-1"]
[Round "04"]
[TimeControl "180+1"]
[Date "2021.07.20"]
[WhiteClock "0:00:01"]
[BlackClock "0:00:19"]

1. e4 c6 2. d4 d5 3. e5 c5 4. dxc5 e6 5. a3 Bxc5 6. Bd3 Ne7 7. Nf3 Ng6 8. O-O Nc6 9. b4 Bb6 10. Bb2 Nf4 11. c4 Nxd3 12. Qxd3 dxc4 13. Qxc4 Bd7 14. Nbd2 O-O 15. Ne4 Ne7 16. Rad1 Rc8 17. Qe2 Qc7 18. Nfg5 h6 19. Qh5 Be8 20. Nf6+ gxf6 21. exf6 Nf5 22. Rd3 Qf4 23. Rg3 Kh8 24. Rg4 Qd2 25. Ne4 Qxb2 26. Rf4 Rc1 0-1


[Site "https://www.chess.com"]

[Event "Titled Tuesday Blitz July 20 2021"]
[White "Sarana, Alexey"]
[Black "Silich, Yahor"]
[WhiteFideId "24133795"]
[BlackFideId "13513656"]
[WhiteElo "2646"]
[BlackElo "2142"]
[Result "1-0"]
[Round "04"]
[TimeControl "180+1"]
[Date "2021.07.20"]
[WhiteClock "0:00:55"]
[BlackClock "0:00:01"]

1. e4 c5 2. Nf3 Nc6 3. c3 d5 4. exd5 Qxd5 5. d4 e6 6. Be3 Nf6 7. dxc5 Qxd1+ 8. Kxd1 Ng4 9. b4 Nxe3+ 10. fxe3 a5 11. Bb5 Bd7 12. Bxc6 Bxc6 13. a3 g6 14. Nbd2 axb4 15. cxb4 Bg7 16. Nd4 Bxg2 17. Rg1 Bd5 18. Kc2 Ke7 19. Rge1 f5 20. a4 g5 21. a5 g4 22. Rad1 h5 23. e4 Ba2 24. N2b3 f4 25. e5 Rac8 26. Nb5 f3 27. Nd6 Rcf8 28. Nxb7 f2 29. Rf1 Bxe5 30. c6 Rf3 31. Rd7+ Kf6 32. N3c5 Bd5 33. c7 Bc4 34. Ne4+ Kf5 35. Nbd6+ Kf4 36. Nxc4 Bxc7 37. Rxc7 Kxe4 38. Nd2+ Kf4 39. Rc4+ Ke3 40. Re4# 1-0


[Site "https://www.chess.com"]

[Event "Titled Tuesday Blitz July 20 2021"]
[White "Sargsyan, Anna M."]
[Black "Pein, Jonathan"]
[WhiteFideId "13308130"]
[BlackFideId "417092"]
[WhiteElo "2263"]
[BlackElo "2167"]
[Result "1-0"]
[Round "04"]
[TimeControl "180+1"]
[Date "2021.07.21"]
[WhiteClock "0:01:44"]
[BlackClock "0:00:10"]

1. d4 Nf6 2. c4 g6 3. g3 Bg7 4. Bg2 O-O 5. Nc3 c6 6. Nf3 d6 7. O-O Qa5 8. h3 Nbd7 9. e4 e5 10. Re1 exd4 11. Nxd4 Ne5 12. Qe2 Re8 13. Be3 Qb4 14. Bf1 d5 15. cxd5 cxd5 16. Nc2 Qxb2 17. Na4 Nf3+ 18. Kh1 Qe5 19. Qxf3 dxe4 20. Qe2 Qa5 21. Nb2 Nd5 22. Bd4 Nc3 23. Qd2 Bf5 24. Nc4 Qd5 25. N4e3 Qc6 26. Bxg7 Kxg7 27. Nd4 Rad8 28. Nexf5+ gxf5 29. Qg5+ Kh8 30. Nxc6 1-0


[Site "https://www.chess.com"]

[Event "Titled Tuesday Blitz July 20 2021"]
[White "Siniauski, Artsiom"]
[Black "Fisabilillah, Ummi"]
[WhiteFideId "13512269"]
[BlackFideId "7104804"]
[WhiteElo "2210"]
[BlackElo "2091"]
[Result "1-0"]
[Round "04"]
[TimeControl "180+1"]
[Date "2021.07.21"]
[WhiteClock "0:01:12"]
[BlackClock "0:00:28"]

1. e4 e6 2. d4 d5 3. Nc3 Bb4 4. e5 b6 5. Qg4 Bf8 6. Rb1 Qd7 7. f4 Ne7 8. Bb5 c6 9. Bd3 Ba6 10. Nge2 c5 11. Bxa6 Nxa6 12. O-O Nf5 13. Qf3 cxd4 14. Nd1 h5 15. Nf2 Nb4 16. Qb3 Rc8 17. Bd2 Nc6 18. Nd3 Bc5 19. a4 Nce7 20. a5 Ne3 21. Bxe3 dxe3 22. Nxc5 Rxc5 23. axb6 axb6 24. Qxb6 Rxc2 25. Qxe3 Nf5 26. Qd3 Rc8 27. b4 1-0


[Site "https://www.chess.com"]

[Event "Titled Tuesday Blitz July 20 2021"]
[White "Sinitsina, Anastassia"]
[Black "Omk124"]
[WhiteFideId "4504640"]
[WhiteElo "2204"]
[BlackElo "2566"]
[Result "1/2-1/2"]
[Round "04"]
[TimeControl "180+1"]
[Date "2021.07.21"]
[WhiteClock "0:00:06"]
[BlackClock "0:00:18"]

1. Nf3 Nf6 2. g3 g6 3. Bg2 Bg7 4. O-O O-O 5. d4 d6 6. c4 Nbd7 7. Nc3 c6 8. h3 e5 9. Be3 Re8 10. Qd2 e4 11. Ne1 d5 12. cxd5 cxd5 13. Nc2 a6 14. Rac1 b5 15. Nb4 Bb7 16. a3 Nb6 17. b3 Qd7 18. Bg5 Rac8 19. Rc2 a5 20. Nba2 a4 21. bxa4 Nc4 22. Qc1 bxa4 23. Nb4 Nh5 24. Kh2 Bxd4 25. e3 Be5 26. Rd1 Nb6 27. Nxe4 Rxc2 28. Qxc2 Rc8 29. Qe2 Qf5 30. Qb5 dxe4 31. Qxb6 Rb8 32. Rd8+ Rxd8 33. Qxd8+ Kg7 34. Bf4 Nxf4 35. gxf4 Bb2 36. Qd2 Bf6 37. Qc2 h5 38. Qxa4 g5 39. fxg5 Bxg5 40. Qc2 Bf6 41. Qe2 Be5+ 42. Kh1 Bd6 43. Nc2 Qe5 44. Kg1 Bc6 45. Nd4 Bd5 46. Kf1 Bxa3 47. Kg1 Bd6 48. Qb5 Bc7 49. Qa6 Qh2+ 50. Kf1 Qe5 51. Qb5 Ba8 52. Qxe5+ Bxe5 53. Ne2 f5 54. Kg1 Kg6 55. Nc1 Kg5 56. Bf1 Bd5 57. Be2 Bb2 58. Nd3 exd3 59. Bxd3 Be4 60. Be2 Be5 61. f4+ Bxf4 62. exf4+ Kxf4 63. Bxh5 Kg3 64. Bg6 f4 65. Bxe4 Kxh3 66. Bf3 Kg3 67. Be2 f3 68. Bxf3 1/2-1/2


[Site "https://www.chess.com"]

[Event "Titled Tuesday Blitz July 20 2021"]
[White "Song, Michael"]
[Black "Komiagina, Maria"]
[WhiteFideId "2613190"]
[BlackFideId "4153987"]
[WhiteElo "2274"]
[BlackElo "2016"]
[Result "1/2-1/2"]
[Round "04"]
[TimeControl "180+1"]
[Date "2021.07.21"]
[WhiteClock "0:00:24"]
[BlackClock "0:00:14"]

1. e4 c5 2. Nc3 Nc6 3. f4 g6 4. Nf3 Bg7 5. Bc4 e6 6. e5 Nge7 7. Ne4 O-O 8. O-O d5 9. exd6 Nf5 10. Bb5 Ncd4 11. Nxd4 Bxd4+ 12. Kh1 Nxd6 13. Nxd6 Qxd6 14. c3 Bg7 15. d3 a6 16. Bc4 b5 17. Bb3 Bb7 18. Qe2 Rad8 19. Bc2 b4 20. Bd2 a5 21. Rad1 Ba6 22. Be1 a4 23. c4 Bxb2 24. Bxa4 Bg7 25. Bh4 Ra8 26. Bf2 Bb7 27. Bb3 Bd4 28. Bxd4 Qxd4 29. Qf2 Rfd8 30. Qxd4 Rxd4 31. Rfe1 Rad8 32. Re3 Rxf4 33. Kg1 Rfd4 34. Re5 Rc8 35. g3 Kf8 36. Kf2 Ke7 37. Re3 f6 38. Ke2 e5 39. Ra1 Ra8 40. Kd2 h5 41. Kc2 h4 42. Kb2 hxg3 43. hxg3 Rh8 44. Rc1 Rh2+ 45. Rc2 Rxc2+ 46. Bxc2 Ke6 47. a3 bxa3+ 48. Kxa3 Bc6 49. Ba4 Bxa4 50. Kxa4 f5 51. Kb5 Kd6 52. Rf3 Rg4 53. Re3 Rd4 54. Rf3 e4 55. dxe4 Rxe4 56. Ra3 Re6 57. Ra6+ Ke5 58. Rxe6+ Kxe6 59. Kxc5 g5 60. Kd4 f4 61. gxf4 gxf4 62. Ke4 Kd6 63. Kxf4 Kc5 64. Ke4 Kxc4 1/2-1/2


[Site "https://www.chess.com"]

[Event "Titled Tuesday Blitz July 20 2021"]
[White "Stearman, Josiah"]
[Black "Indjic, Aleksandar"]
[WhiteFideId "2062496"]
[BlackFideId "911925"]
[WhiteElo "2402"]
[BlackElo "2643"]
[Result "0-1"]
[Round "04"]
[TimeControl "180+1"]
[Date "2021.07.20"]
[WhiteClock "0:01:20"]
[BlackClock "0:01:28"]

1. e4 c5 2. Nc3 a6 3. g3 h6 4. Bg2 e6 5. d3 Nc6 6. f3 d5 7. Nge2 d4 8. Nb1 h5 9. h4 Nf6 10. O-O e5 11. Bg5 Be7 12. Nd2 Be6 13. a4 Qc7 14. Nc4 O-O-O 15. b3 Kb8 16. Qd2 g6 17. a5 Ka7 18. Nb6 Rhe8 19. Kh1 Nb4 20. Nc4 Nd7 21. f4 f6 22. f5 Bxc4 23. bxc4 fxg5 24. fxg6 gxh4 25. Rf7 Qd6 26. Qh6 Rg8 27. Qxh5 Nc6 28. g7 Bf6 29. Qg6 Ne7 30. Qh6 Qe6 0-1


[Site "https://www.chess.com"]

[Event "Titled Tuesday Blitz July 20 2021"]
[White "Taichman, Ori"]
[Black "Tanenbaum, Zachary"]
[WhiteFideId "2804069"]
[BlackFideId "2060850"]
[WhiteElo "2227"]
[BlackElo "2165"]
[Result "1-0"]
[Round "04"]
[TimeControl "180+1"]
[Date "2021.07.20"]
[WhiteClock "0:00:33"]
[BlackClock "0:00:02"]

1. e4 e5 2. d4 exd4 3. Qxd4 Nc6 4. Qe3 Nf6 5. Nc3 Bb4 6. Bd2 O-O 7. O-O-O Re8 8. Qg3 Rxe4 9. a3 Bd6 10. f4 Re8 11. Bd3 a6 12. Nf3 b5 13. Ng5 b4 14. axb4 Nxb4 15. Bc4 Rf8 16. Qh4 Bb7 17. Rhe1 h6 18. g4 a5 19. Nxf7 Rxf7 20. g5 Nfd5 21. Qh5 hxg5 22. fxg5 Rf2 23. g6 Rxh2 24. Qf5 Qf6 25. Nxd5 Bxd5 26. Bxd5+ Nxd5 27. Qxd5+ Kh8 28. Qxa8+ Bf8 29. Rh1 Rxh1 30. Rxh1+ Kg8 31. Qd5+ Qe6 32. Qxe6+ dxe6 33. Rf1 1-0


[Site "https://www.chess.com"]

[Event "Titled Tuesday Blitz July 20 2021"]
[White "Tarigan, Gilbert Elroy"]
[Black "Oliveira, Silvio Eduardo"]
[WhiteFideId "7108133"]
[BlackFideId "2111560"]
[WhiteElo "1908"]
[BlackElo "2302"]
[Result "0-1"]
[Round "04"]
[TimeControl "180+1"]
[Date "2021.07.20"]
[WhiteClock "0:00:01"]
[BlackClock "0:00:10"]

1. e4 e5 2. Nc3 Nf6 3. Nf3 Nc6 4. Bb5 Nd4 5. Bc4 Bc5 6. O-O d6 7. h3 O-O 8. d3 a5 9. a3 c6 10. Ba2 h6 11. Be3 Ba7 12. Bxd4 exd4 13. Ne2 d5 14. exd5 Nxd5 15. Nexd4 Nf4 16. Ne2 Nxh3+ 17. gxh3 Bxh3 18. Nf4 Bg4 19. Ng6 Qf6 20. Nge5 Bh5 21. Kg2 Rfe8 22. d4 Rxe5 23. dxe5 Qf4 24. e6 fxe6 25. Bxe6+ Kh8 26. Rh1 Bg4 27. Bxg4 Qxg4+ 28. Kf1 Rf8 29. Qe2 Rxf3 30. Rh2 Qf4 31. Rg2 Rh3 32. Ke1 Rh1+ 0-1


[Site "https://www.chess.com"]

[Event "Titled Tuesday Blitz July 20 2021"]
[White "Terry, Renato"]
[Black "Atanasov, Anthony"]
[WhiteFideId "3803457"]
[BlackFideId "2623897"]
[WhiteElo "2581"]
[BlackElo "1889"]
[Result "1-0"]
[Round "04"]
[TimeControl "180+1"]
[Date "2021.07.21"]
[WhiteClock "0:01:25"]
[BlackClock "0:00:02"]

1. e4 c5 2. Nf3 d6 3. Bb5+ Nd7 4. d4 cxd4 5. Qxd4 a6 6. Bxd7+ Bxd7 7. Bg5 Rc8 8. O-O e5 9. Bxd8 exd4 10. Bb6 Rxc2 11. Bxd4 Nf6 12. Re1 Be7 13. Bc3 Ng4 14. Nd4 Rxf2 15. h3 Bh4 16. hxg4 h5 17. g5 Bg3 18. Nd2 h4 19. Rf1 h3 20. Rxf2 h2+ 21. Kh1 Bxf2 22. Rf1 Bg1 23. Nf5 Bxf5 24. exf5 Rh4 25. Bxg7 Rg4 26. Nf3 d5 27. Bf6 Re4 28. Nxg1 hxg1=Q+ 29. Kxg1 Kd7 30. g6 fxg6 31. fxg6 Rg4 32. g7 1-0


[Site "https://www.chess.com"]

[Event "Titled Tuesday Blitz July 20 2021"]
[White "Timmermans, Mark"]
[Black "Skatchkov, Valery"]
[WhiteFideId "1026399"]
[BlackFideId "24195812"]
[WhiteElo "2460"]
[BlackElo "2199"]
[Result "1-0"]
[Round "04"]
[TimeControl "180+1"]
[Date "2021.07.21"]
[WhiteClock "0:00:58"]
[BlackClock "0:00:44"]

1. b4 e5 2. Bb2 Nf6 3. Bxe5 Bxb4 4. Nc3 O-O 5. Bxf6 Qxf6 6. Nd5 Qd6 7. c4 Ba5 8. e3 c6 9. Nf4 Qf6 10. Nf3 d6 11. Be2 Bf5 12. Nh5 Qe7 13. O-O Nd7 14. Ng3 Bg6 15. d4 Rab8 16. Bd3 c5 17. Rb1 a6 18. Qc2 Rfc8 19. Nf5 Qf6 20. N3h4 d5 21. cxd5 cxd4 22. Qa4 Nc5 23. Qxa5 Nxd3 24. Nxg6 dxe3 25. Nfe7+ 1-0


[Site "https://www.chess.com"]

[Event "Titled Tuesday Blitz July 20 2021"]
[White "Timofeev, Artyom"]
[Black "Florescu, Codrut-Constantin"]
[WhiteFideId "4140419"]
[BlackFideId "1202200"]
[WhiteElo "2582"]
[BlackElo "2243"]
[Result "1-0"]
[Round "04"]
[TimeControl "180+1"]
[Date "2021.07.20"]
[WhiteClock "0:02:25"]
[BlackClock "0:01:44"]

1. c4 e6 2. g3 d5 3. Bg2 Nf6 4. Nf3 Be7 5. b3 O-O 6. Bb2 a5 7. O-O a4 8. cxd5 exd5 9. bxa4 c6 10. Nc3 Bf5 11. Nd4 Bg4 12. h3 Bd7 13. d3 Na6 14. e4 dxe4 15. dxe4 Qc8 16. e5 Ne8 17. Kh2 Nec7 18. Ne4 Ne6 19. Nf5 Bc5 20. Nxc5 1-0


[Site "https://www.chess.com"]

[Event "Titled Tuesday Blitz July 20 2021"]
[White "Tokman, Ariel"]
[Black "ValeriyGrinev"]
[WhiteFideId "117420"]
[WhiteElo "2345"]
[BlackElo "2621"]
[Result "0-1"]
[Round "04"]
[TimeControl "180+1"]
[Date "2021.07.21"]
[WhiteClock "0:00:12"]
[BlackClock "0:01:27"]

1. e4 e5 2. Nf3 Nc6 3. Bb5 a6 4. Ba4 Nf6 5. O-O Nxe4 6. Qe2 Nc5 7. Bxc6 dxc6 8. d4 Ne6 9. dxe5 Bc5 10. Rd1 Qe7 11. Nc3 O-O 12. Ne4 Bb6 13. Ng3 Nc5 14. Bg5 Qe6 15. Be3 Re8 16. Rd2 Qe7 17. h3 Be6 18. Ng5 Rad8 19. Rad1 Rxd2 20. Qxd2 Bd5 21. Bd4 h6 22. Nf3 Bxf3 23. gxf3 Rd8 24. Qe1 Qd7 25. Kg2 Ne6 26. c3 c5 0-1


[Site "https://www.chess.com"]

[Event "Titled Tuesday Blitz July 20 2021"]
[White "Tologon tegin, Semetei"]
[Black "Ibrahimli, Murad"]
[WhiteFideId "13800574"]
[BlackFideId "13410229"]
[WhiteElo "2224"]
[BlackElo "2109"]
[Result "0-1"]
[Round "04"]
[TimeControl "180+1"]
[Date "2021.07.21"]
[WhiteClock "0:00:04"]
[BlackClock "0:00:13"]

1. d4 Nf6 2. c4 g6 3. Nc3 Bg7 4. e4 d6 5. Nf3 O-O 6. Be2 e5 7. O-O Nbd7 8. Be3 Re8 9. d5 Nc5 10. Nd2 a5 11. b3 h5 12. h3 Bd7 13. a3 b6 14. Qc2 Kh7 15. b4 Na6 16. Rab1 Bh6 17. f4 axb4 18. axb4 Qe7 19. Rf3 exf4 20. Bxf4 Bxf4 21. Rxf4 Ng8 22. Rbf1 Rf8 23. Qb2 f6 24. Bd3 Kg7 25. Kh1 g5 26. R4f2 Nh6 27. c5 bxc5 28. Bxa6 cxb4 29. Nb5 Rxa6 30. Nxc7 Ra7 31. Ne6+ Bxe6 32. dxe6 Qxe6 33. Qxb4 g4 34. Qd4 Raf7 35. Nc4 gxh3 36. Nxd6 Ng4 37. Nf5+ Kh7 38. Rf3 hxg2+ 39. Kxg2 Rg8 40. Rg3 Rd7 41. Qb4 Rgd8 42. Rh1 Rd2+ 43. Kh3 Nf2+ 44. Kg2 Nxe4+ 45. Kf3 Qxf5+ 46. Ke3 R8d3# 0-1


[Site "https://www.chess.com"]

[Event "Titled Tuesday Blitz July 20 2021"]
[White "Trakru, Rohun"]
[Black "Molina, Roberto Junio Brito"]
[WhiteFideId "2097613"]
[BlackFideId "2109450"]
[WhiteElo "1746"]
[BlackElo "2402"]
[Result "1-0"]
[Round "04"]
[TimeControl "180+1"]
[Date "2021.07.20"]
[WhiteClock "0:01:47"]
[BlackClock "0:01:53"]

1. d4 d5 2. Bf4 Nf6 3. e3 c5 4. dxc5 Qa5+ 5. Nc3 Qxc5 6. Nb5 Na6 7. a4 e6 8. c3 Be7 9. Nf3 O-O 10. b4 Qb6 11. a5 Qd8 12. Ne5 Nd7 13. Bd3 Nxe5 14. Bxe5 f6 15. Qh5 fxe5 16. Bxh7+ 1-0


[Site "https://www.chess.com"]

[Event "Titled Tuesday Blitz July 20 2021"]
[White "Triapishko, Alexandr"]
[Black "Arabidze, Meri"]
[WhiteFideId "14122286"]
[BlackFideId "13604040"]
[WhiteElo "2490"]
[BlackElo "2432"]
[Result "1/2-1/2"]
[Round "04"]
[TimeControl "180+1"]
[Date "2021.07.20"]
[WhiteClock "0:00:04"]
[BlackClock "0:00:16"]

1. Nf3 d5 2. g3 Nf6 3. Bg2 e6 4. c4 dxc4 5. O-O Nbd7 6. Qa4 c5 7. Qxc4 b6 8. Nd4 Ne5 9. Qc2 Rb8 10. Nc6 Nxc6 11. Bxc6+ Bd7 12. Bg2 Be7 13. a4 O-O 14. Nc3 Rc8 15. d3 Bc6 16. Bxc6 Rxc6 17. a5 Nd5 18. Qa4 Rc8 19. a6 Nxc3 20. bxc3 c4 21. d4 Qd5 22. Rb1 Qe4 23. Rb2 e5 24. f3 Qf5 25. e4 Qh3 26. Be3 exd4 27. Bxd4 Rfd8 28. Rd1 h5 29. Qb5 Bc5 30. Rbd2 Bxd4+ 31. Rxd4 Rxd4 32. Rxd4 h4 33. Qg5 hxg3 34. hxg3 b5 35. e5 Qh6 36. Qxh6 gxh6 37. Kf2 Rc6 38. Rd6 Rc7 39. Ke3 Kg7 40. f4 b4 41. cxb4 c3 42. Rd1 Rc4 43. b5 Rb4 44. Rc1 Rxb5 45. Rxc3 Ra5 46. Rc6 Ra3+ 47. Ke4 Rxg3 48. Rc7 Ra3 49. Rxa7 h5 50. f5 Ra4+ 51. Kf3 Ra5 52. Kf4 Kg8 53. Kg5 Rxe5 54. Rb7 Ra5 55. a7 Kg7 56. Kxh5 Rxf5+ 57. Kg4 Ra5 58. Kf4 Kg6 59. Ke4 f5+ 60. Kd4 Kg5 61. Kc4 Kf4 62. Kb4 Ra1 63. Kb5 Kf3 64. Kc6 f4 65. Kc7 Rxa7 66. Rxa7 Kg2 67. Kd6 f3 68. Rg7+ Kh3 69. Ke5 f2 70. Rf7 Kg2 71. Ke4 f1=Q 72. Rxf1 Kxf1 1/2-1/2


[Site "https://www.chess.com"]